 Dungeon Crawl Stone Soup version 0.29.1-15-g9cfb28693d (webtiles) character file.

Game seed: 14600166860352150769

60 safid the Chiller (level 4, -4/33 HPs)
             Began as a Merfolk Ice Elementalist on Mar 28, 2023.
             Slain by Grinder (6 damage)
             ... on level 3 of the Dungeon.
             The game lasted 00:04:22 (1907 turns).

safid the Chiller (Merfolk Ice Elementalist)        Turns: 1907, Time: 00:04:23

Health: -4/33      AC:  9    Str:  8    XL:     4   Next: 6%
Magic:  17/17      EV: 12    Int: 16    God:
Gold:   180        SH:  0    Dex: 14    Spells: 1/8 levels left

rFire   . . .      SeeInvis .   k - +2 dagger (holy)
rCold   . . .      Faith    .   (no shield)
rNeg    . . .      Spirit   .   a - +0 robe
rPois   .          Reflect  .   (no helmet)
rElec   .          Harm     .   (no cloak)
rCorr   .          Rampage  .   (no gloves)
Will    .....                   d - +0 pair of boots
Stlth   ++........              n - amulet of regeneration
HPRegen 0.91/turn               j - ring of magical power
MPRegen 0.15/turn               (no ring)

@: ice-armoured (expiring)
A: (nimble swimmer 2), mertail
a: no special abilities


You were on level 3 of the Dungeon.
You visited 1 branch of the dungeon, and saw 3 of its levels.

You collected 180 gold pieces.

Inventory:

Hand Weapons
 k - a +2 dagger of holy wrath (weapon)
Armour
 a - a +0 robe (worn)
 d - a +0 pair of boots (worn)
Jewellery
 j - a ring of magical power (left hand)
 n - an amulet of regeneration (around neck)
Scrolls
 c - 4 scrolls of identify {unknown}
 f - a scroll of noise {unknown}
 h - a scroll of teleportation {unknown}
 l - 2 scrolls of butterflies {unknown}
 o - a scroll of vulnerability {unknown}
 q - a scroll of poison {unknown}
Potions
 b - a potion of magic
 e - 3 potions of haste {unknown}
 g - a potion of brilliance {unknown}
 i - a potion of might {unknown}
 m - 2 potions of attraction {unknown}
 p - a potion of lignification {unknown}


   Skills:
 + Level 2.1 Fighting
 - Level 2.6 Dodging
 - Level 2.1 Stealth
 + Level 2.7 Spellcasting
 + Level 5.0 Ice Magic


You had one spell level left.
You knew the following spells:

 Your Spells              Type           Power      Damage    Failure   Level
a - Freeze                Ice            72%        1d9       2%          1
b - Frozen Ramparts       Ice            36%        1d6       8%          3
c - Ozocubu's Armour      Ice            18%        N/A       8%          3

Your spell library contained the following spells:

 Spells                   Type           Power      Damage    Failure   Level
 Apportation              Tloc           4%         N/A       19%         1
 Necrotise                Necr           8%         1d4       19%         1
 Summon Small Mammal      Summ           8%         N/A       19%         1
 Hailstorm                Conj/Ice       10%        3d5       56%         4


Dungeon Overview and Level Annotations

Branches:
Dungeon (3/15)

Altars:
Makhleb
Wu Jian

Annotations:
D:3 Grinder


Innate Abilities, Weirdness & Mutations

((You are very nimble when in or above water. (Stealth+, EV+, Speed+++)))
Your lower body shifts to a powerful aquatic tail in water.


Message History

Grinder hits you!
* * * LOW HITPOINT WARNING * * *
You writhe in agony.
* * * LOW HITPOINT WARNING * * *
You can move again.
Unknown command.
Unknown command.
Unknown command.
You closely miss Grinder.
Grinder is severely wounded.
Grinder says, "You look like you could use a good racking."
Grinder barely misses you.
You hit Grinder.
Grinder convulses.
Grinder is almost dead.
Grinder barely misses you.
You barely miss Grinder.
Grinder is almost dead.
Grinder closely misses you.
You barely miss Grinder.
Grinder is almost dead.
Grinder hits you but does no damage.
You closely miss Grinder.
Grinder is almost dead.
Grinder closely misses you.
You hit Grinder.
Grinder convulses.
Grinder is almost dead.
Grinder gestures at you. You resist with significant effort.
You hit Grinder but do no damage.
Grinder is almost dead.
Grinder hits you!
* * * LOW HITPOINT WARNING * * *
You hit Grinder.
Grinder convulses.
Grinder is almost dead.
Your icy armour starts to melt.
Grinder barely misses you.
You barely miss Grinder.
Grinder is almost dead.
Grinder hits you.
You die...

#.##... #..#.#
##...# ####..#
#....## .
#.##..## ##.. ..
##..# ##... ..#
##5##### #...##
#
#@....###.....##
#####'..........
#.#.?.....#
#.........#
####.....##
$.....# ......#
.5....# .....##


You could see Grinder.

Vanquished Creatures
  An adder (D:2)
  A dart slug (D:1)
  4 ball pythons
  6 endoplasms
  3 giant cockroaches
  5 goblins
  6 hobgoblins
  4 quokkas
  2 bats
  2 frilled lizards
  7 kobolds
  3 rats (D:2)
44 creatures vanquished.

Vanquished Creatures (others)
  5 plants (D:1)
5 creatures vanquished.

Grand Total: 49 creatures vanquished

Notes
Turn   | Place    | Note
-------+----------+-------------------------------------------
     0 | D:1      | safid the Merfolk Ice Elementalist began the quest for the
                  | Orb.
     0 | D:1      | Reached XP level 1. HP: 13/13 MP: 3/3
   358 | D:1      | Reached XP level 2. HP: 19/20 MP: 3/5
   362 | D:1      | Reached skill level 1 in Fighting
   968 | D:1      | Reached XP level 3. HP: 23/26 MP: 6/6
  1000 | D:1      | Learned a level 3 spell: Frozen Ramparts
  1208 | D:2      | Found a burning altar of Makhleb.
  1325 | D:2      | Found a faded altar of an unknown god.
  1666 | D:2      | Reached skill level 5 in Ice Magic
  1673 | D:2      | Reached XP level 4. HP: 25/33 MP: 8/8
  1692 | D:2      | Learned a level 3 spell: Ozocubu's Armour
  1782 | D:3      | Found an ornate altar of the Wu Jian Council.
  1859 | D:3      | Noticed Grinder
  1895 | D:3      | Paralysed by Grinder for 4 turns
  1905 | D:3      | HP: 1/33 [Grinder (8)]
  1907 | D:3      | Slain by Grinder

Illustrated notes

Levels and vault maps discovered:
D:1:      roderic_crop_circles_arrival_small, layout_basic, corexii_corridor_pit
D:2:      layout_basic, basic_altar, ebering_ecumenical_altar_abandoned,
          interstate_on_off
D:3:      layout_rooms, lemuel_blue_sif_altar, pdpol_wu_jian_five_deadly_venoms,
          mainiacjoe_overflow_divided_tiny, roderic_filled_cross,
          kennysheep_generic_room_14, uniq_grinder

Skill      XL: |  1  2  3 |
---------------+----------+-----
Fighting       | 1 2 |  2.1
Ice Magic      | 5 |  5.0
Dodging        | |  2.6
Stealth        | |  2.1
Spellcasting   | |  2.7

Action                   |  1- 3 |  4- 6 || total
-------------------------+-------+-------++-------
Melee: Unarmed           |     6 |       ||     6
       Punch             |     1 |       ||     1
       Dagger            |    41 |    31 ||    72
 Cast: Freeze            |    42 |     3 ||    45
       Frozen Ramparts   |     1 |       ||     1
       Ozocubu's Armour  |       |     1 ||     1
 Stab: Sleeping          |     3 |       ||     3
Armor: Robe              |    16 |     5 ||    21
Dodge: Dodged            |    49 |    15 ||    64
